cohdb
Replays
Latest Replays
All Replays
Popular Replays
Top Player Replays
Match Explorer
How It Works
Community
CoH3 Stats
Reddit
Sign in to upload your games and track your stats! →
Sign in with Steam
Match 35836150
Unlisted
Match 35836150
Overview
Messages
Build Orders
End
Construct Barracks
Riflemen Squad
Riflemen Squad
Riflemen Squad
Grenade Package
Construct Medical Station
Selects Advanced Infantry Battlegroup
Selects Convert to Ranger Squad
Convert to Ranger Squad
Infantry Support Center
Engineer Squad
Construct Weapon Support Center
Riflemen Squad
Advanced Logistics
M1919 Machine Gun Team
Munitions Surplus
M1919 Machine Gun Team
Selects Designate Assault Position
Selects Ranger Weapon Training
Convert to Ranger Squad
Survival Training
Designate Assault Position
Mortar Pit
Convert to Ranger Squad
Construct Tank Depot
M18 Hellcat Tank Destroyer
Convert to Ranger Squad
Selects Ammunition Storage
Selects M2A1 105mm Howitzer Emplacement
M4(105) Sherman Bulldozer
Improved M9 Bazooka Rockets
Ranger Squad
Construct Medical Station
Captain Retinue
Engineer Squad
Engineer Squad
Riflemen Squad
Engineer Squad
Convert to Ranger Squad
Bruistablet
smg.GLORYnHALLELUJA
Professor gibberish
292728296
Captain Gregor
TheDaNgErMaNita
Xeravex
MageGreen Prime
0
0
Comments
sign in to comment!
No comments posted yet!